 Dungeon Crawl Stone Soup version 0.30-a0-964-gd452b5e7fa (webtiles) character file.

Game seed: 17001619813279197172

16621 senseless the Fighter (level 12, -5/106 HPs)
             Began as a Ghoul Monk on Mar 30, 2023.
             Was a High Priest of Okawaru.
             Slain by gohu's ghost (29 damage)
             ... on level 9 of the Dungeon.
             The game lasted 00:42:19 (9476 turns).

senseless the Fighter (Ghoul Monk)                  Turns: 9476, Time: 00:42:19

Health: -5/106     AC: 22    Str: 24    XL:     12   Next: 39%
Magic:  11/11      EV: 14    Int: 11    God:    Okawaru [*****.]
Gold:   622        SH: 10    Dex: 11    Spells: 11/11 levels left

rFire   + . .      SeeInvis +    b - +10 short sword of Pely {venom, rN+ Will+ Int+3}
rCold   + + .      Faith    .    G - +1 kite shield
rNeg    + + +      Spirit   .    r - +4 chain mail {rC+}
rPois   ∞          Reflect  .    t - +0 hat "Xikiudid" {rElec SInv}
rElec   +          Rampage  .    k - +2 cloak
rCorr   .                        x - +0 pair of gloves
Will    +....                    A - +2 pair of boots Stlth
                                 C - amulet of Finality {rElec Regen+ Int+3}
HPRegen 0.00/turn                h - +5 ring of evasion
MPRegen 0.12/turn                o - ring of Vuebredi {rPois rF+ Str+4 Slay+3}

@: inhibited regen, studying 2 skills
A: claws 1, cold resistance 1, negative energy resistance 3, inhibited
regeneration, torment resistance 2, devour on kill
a: Renounce Religion, Heroism, Finesse, Duel


You were on level 9 of the Dungeon.
You worshipped Okawaru.
Okawaru was extremely pleased with you.
You visited 1 branch of the dungeon, and saw 11 of its levels.
You also visited: Bailey.

You collected 1557 gold pieces.
You spent 935 gold pieces at shops.

Inventory:

Hand Weapons
 a - the +4 sling of the Shouting Gods {elec, rF+ rC+ rN+ Int-2}
   (You found it on level 2 of the Dungeon)

   Int:       It affects your intelligence (-2).
   rF:        It protects you from fire.
   rC:        It protects you from cold.
   rN:        It protects you from negative energy.
 b - the +10 short sword of Pely (weapon) {venom, rN+ Will+ Int+3}
   (You took it off a hobgoblin on level 3 of the Dungeon)

   Int:       It affects your intelligence (+3).
   rN:        It protects you from negative energy.
   Will:      It increases your willpower.
 d - a +4 scimitar of flaming
Armour
 k - a +2 cloak (worn)
 r - a +4 chain mail of cold resistance (worn)
 t - the +0 hat "Xikiudid" (worn) {rElec SInv}
   (Okawaru gifted it to you on level 10 of the Dungeon)

   rElec:     It insulates you from electricity.
   SInv:      It lets you see invisible.
 w - a +0 buckler
 x - a +0 pair of gloves (worn)
 A - a +2 pair of boots (worn)
 G - a +1 kite shield (worn)
 I - the +1 ring mail of Undesirable Species {+Blink rElec Str+5}
   (You took it off a gnoll sergeant on level 7 of the Dungeon)

   Str:       It affects your strength (+5).
   rElec:     It insulates you from electricity.
   +Blink:    It lets you blink.
Jewellery
 f - an amulet of regeneration
 h - a +5 ring of evasion (left hand)
 o - the ring of Vuebredi (right hand) {rPois rF+ Str+4 Slay+3}
   (You bought it in a shop on level 10 of the Dungeon)

   [ring of poison resistance]

   Str:       It affects your strength (+4).
   Slay:      It affects your accuracy & damage with ranged weapons and melee
   (+3).
   rF:        It protects you from fire.
   rPois:     It protects you from poison.
 C - the amulet of Finality (around neck) {rElec Regen+ Int+3}
   (You took it off a gnoll sergeant on level 7 of the Dungeon)

   [amulet of regeneration]

   Int:       It affects your intelligence (+3).
   rElec:     It insulates you from electricity.
   Regen:     It increases your rate of health regeneration.
 F - a +6 ring of intelligence
Wands
 l - a wand of mindburst (28)
 p - a wand of digging (7)
 B - a wand of polymorph (13)
 E - a wand of flame (34)
Scrolls
 c - 2 scrolls of poison
 e - 8 scrolls of identify
 j - a scroll of magic mapping
 m - a scroll of fear
 s - a scroll of blinking
 y - 3 scrolls of enchant weapon
Potions
 g - 2 potions of brilliance
 i - 2 potions of might
 q - 3 potions of attraction
 u - 5 potions of curing
 v - 3 potions of ambrosia
 D - a potion of heal wounds
 H - a potion of haste
Miscellaneous
 n - a condenser vane
 z - a phial of floods


   Skills:
 + Level 9.8 Fighting
 + Level 7.2 Short Blades
 + Level 7.3 Ranged Weapons
 + Level 7.4 Armour
 + Level 8.0 Dodging
 - Level 3.0 Stealth
 + Level 7.3 Shields
 - Level 3.9 Unarmed Combat


You had 11 spell levels left.
You didn't know any spells.
Your spell library contained the following spells:

 Spells                   Type           Power      Damage    Failure   Level
 Shock                    Conj/Air       0%         1d3       99%         1
 Lesser Beckoning         Tloc           0%         N/A       100%        2
 Gell's Gravitas          Tloc           0%         N/A       100%        3
 Inner Flame              Hex/Fire       0%         N/A       100%        3
 Ozocubu's Armour         Ice            0%         N/A       100%        3
 Swiftness                Air            0%         N/A       100%        3
 Teleport Other           Tloc           0%         N/A       100%        3
 Airstrike                Air            0%         2d(0-16)  100%        4
 Dispel Undead            Necr           0%         3d6       100%        4
 Flame Wave               Conj/Fire      0%         2d4       100%        4
 Passage of Golubria      Tloc           0%         N/A       100%        4
 Sticky Flame             Conj/Fire      0%         2d3       100%        4
 Silence                  Hex/Air        0%         N/A       100%        5
 Yara's Violent Unravell  Hex/Tmut       0%         3d3       100%        5
 Ozocubu's Refrigeration  Ice            0%         4d7       100%        7
 Lehudib's Crystal Spear  Conj/Erth      0%         10d2      100%        8
 Maxwell's Capacitive Co  Air            0%         ∞         100%        8
 Tukima's Dance           Hex            Unusable   N/A       N/A         3
 Summon Lightning Spire   Summ/Air       Unusable   N/A       N/A         4
 Storm Form               Tmut/Air       Unusable   N/A       N/A         7
 Borgnjor's Revivificati  Necr           Unusable   N/A       N/A         8
 Infestation              Necr           Unusable   N/A       N/A         8

Dungeon Overview and Level Annotations

Branches:
Dungeon (11/15)            Temple (0/1) D:6            Lair (0/5) D:9
 Bailey (visited)
    Orc: D:9-12

Altars:
Ashenzari
Cheibriados
Fedhas
Okawaru
Qazlal
Ru
Sif Muna
Uskayaw
Vehumet
Wu Jian
Xom
Yredelemnul

Shops:
D:9 *   D:10 ((==:

Annotations:
D:9 gohu's ghost, journeyman HOFi


Innate Abilities, Weirdness & Mutations

You are immune to poison.
You have sharp fingernails.
Your flesh is cold resistant. (rC+)
You are immune to negative energy. (rN+++)
You do not regenerate when monsters are visible.
You are immune to unholy pain and torment.
You thrive by killing the living.


Message History

You barely miss gohu's ghost.
Gohu's ghost is moderately damaged.
Gohu's ghost hits you.
You puncture gohu's ghost!
Gohu's ghost is moderately damaged.
You hit gohu's ghost but do no damage.
Gohu's ghost is moderately damaged.
Gohu's ghost barely misses you.
You hit gohu's ghost.
Gohu's ghost is heavily damaged.
Gohu's ghost misses you.
You closely miss gohu's ghost.
Gohu's ghost is heavily damaged.
Gohu's ghost hits you!!
You hit gohu's ghost but do no damage.
Gohu's ghost is heavily damaged.
You block gohu's ghost's attack.
You hit gohu's ghost.
Gohu's ghost is heavily damaged.
You barely miss gohu's ghost.
Gohu's ghost is heavily damaged.
Gohu's ghost hits you.
You hit gohu's ghost but do no damage.
Gohu's ghost is heavily damaged.
You block gohu's ghost's attack.
You hit gohu's ghost but do no damage.
Gohu's ghost is heavily damaged.
Gohu's ghost hits you!
* * * LOW HITPOINT WARNING * * *
You feel much better. You block gohu's ghost's attack.
You hit gohu's ghost but do no damage.
Gohu's ghost is heavily damaged.
You puncture gohu's ghost!
Gohu's ghost is heavily damaged.
Gohu's ghost hits you!!
* * * LOW HITPOINT WARNING * * *
You hit gohu's ghost but do no damage.
Gohu's ghost is heavily damaged.
Gohu's ghost hits you!!
You die...

......................#
.........######.......#
.........#....#.......#
.........#....#...(..>#
.........#....#.......#
.........#....#..#....#
.........#....#..#....#
.........#....#......[#
.........#....#.@.....#
..............#..W##..#
........###...#...##..#
####.#.##⌠##..#...##..#
#.#..#_#...#.......#
#.##.......#.......#
#..........'.###...#
#.....∩....#.# #...#
#........###.# #...#


You could see gohu's ghost.

Vanquished Creatures
  A hydra (D:10)
  A centaur warrior (D:10)
  2 ogre magi (D:10)
  A boulder beetle (D:10)
  A two-headed ogre (D:8)
  The ghost of Ge0ff the Skirmisher, a novice OgNe of Hepliaklqana (D:7)
  A cyclops (D:10)
  The ghost of x1te the Chopper, a novice MiFi (D:5)
  2 gargoyles (D:10)
  A kobold demonologist (D:10)
  2 efreet (D:10)
  A troll (D:6)
  A hornet (D:10)
  Grinder (D:6)
  Sigmund (D:6)
  3 wyverns
  A shadow (D:10)
  2 wraiths (D:10)
  Eustachio (D:6)
  19 yaks
  A steam dragon (D:7)
  2 vampire mosquitoes (D:10)
  Grum (D:7)
  An acid dragon (D:9)
  3 ice beasts
  8 orc warriors
  A swamp drake (shapeshifter) (D:10)
  A black bear (D:6)
  An ogre (D:6)
  4 wolves (D:7)
  5 centaurs
  2 phantoms
  4 bullfrogs
  10 kobold brigands
  4 gnoll sergeants
  3 scorpions
  4 killer bees
  9 howler monkeys
  A lava snake (D:9)
  5 jellies
  8 orc priests
  2 gnoll boudas
  5 hounds
  2 iguanas
  13 orc wizards
  19 gnolls
  6 adders
  A shadow imp (D:6)
  2 worms
  4 dart slugs
  17 orcs
  3 ball pythons
  4 bats
  5 endoplasms
  4 giant cockroaches
  8 goblins
  10 hobgoblins
  4 quokkas
  2 frilled lizards
  30 kobolds
  5 rats
  A butterfly (D:8)
269 creatures vanquished.

Vanquished Creatures (others)
  An orc wizard (D:4)
  8 plants
9 creatures vanquished.

Grand Total: 278 creatures vanquished

Notes
Turn   | Place    | Note
-------+----------+-------------------------------------------
     0 | D:1      | senseless the Ghoul Monk began the quest for the Orb.
     0 | D:1      | Reached XP level 1. HP: 19/19 MP: 0/0
   168 | D:1      | Reached XP level 2. HP: 22/26 MP: 1/1
   791 | D:2      | Reached XP level 3. HP: 29/31 MP: 2/2
   849 | D:2      | Found a faded altar of an unknown god.
  1267 | D:2      | Identified the +4 sling of the Shouting Gods {elec, rF+ rC+
                  | rN+ Int-2}
  1696 | D:3      | Reached XP level 4. HP: 40/40 MP: 3/3
  1696 | D:3      | Identified the +10 short sword of Pely {venom, rN+ Will+
                  | Int+3}
  1806 | D:3      | Found a blossoming altar of Fedhas.
  2214 | D:4      | Reached skill level 4 in Fighting
  2224 | D:4      | Reached skill level 1 in Ranged Weapons
  2224 | D:4      | Reached skill level 1 in Armour
  2224 | D:4      | Reached XP level 5. HP: 43/46 MP: 4/4
  2231 | D:4      | Reached skill level 1 in Shields
  2241 | D:4      | Reached skill level 1 in Short Blades
  2246 | D:4      | Reached XP level 6. HP: 52/52 MP: 5/5
  2510 | D:4      | Found a large runed translucent door.
  2511 | D:4      | Found a large runed translucent door.
  2630 | D:4      | Found a snail-covered altar of Cheibriados.
  2697 | D:4      | Reached XP level 7. HP: 60/60 MP: 6/6
  2994 | D:4      | Found a sacrificial altar of Ru.
  3018 | D:4      | Found a broken altar of Ashenzari.
  3075 | D:5      | Entered Level 5 of the Dungeon
  3088 | D:5      | Reached skill level 5 in Fighting
  3179 | D:5      | Reached XP level 8. HP: 68/68 MP: 7/7
  3199 | D:5      | Found a radiant altar of Vehumet.
  3296 | D:5      | Found a runed translucent gate.
  3296 | D:5      | Found a runed translucent gate.
  3298 | D:5      | Noticed x1te's ghost (novice MiFi)
  3299 | D:5      | Found a runed translucent gate.
  3323 | D:5      | Found an iron altar of Okawaru.
  3505 | D:5      | Found a shimmering altar of Xom.
  3593 | D:5      | Became a worshipper of Warmaster Okawaru
  3593 | D:5      | Reached * piety under Okawaru
  3593 | D:5      | Reached ** piety under Okawaru
  3921 | D:6      | Noticed a troll
  4112 | D:6      | Killed a troll
  4113 | D:6      | Reached skill level 6 in Fighting
  4113 | D:6      | Reached XP level 9. HP: 49/75 MP: 8/8
  4211 | D:6      | Reached *** piety under Okawaru
  4374 | D:6      | Found a staircase to the Ecumenical Temple.
  4380 | D:6      | Noticed Grinder
  4387 | D:6      | Killed Grinder
  4388 | D:6      | Reached skill level 5 in Dodging
  4390 | D:6      | You fall into a shaft and drop 3 floors!
  4443 | D:9      | Found a flagged portal.
  4451 | Bailey   | Entered a bailey
  4563 | Bailey   | Reached **** piety under Okawaru
  4584 | Bailey   | Reached skill level 7 in Fighting
  4596 | Bailey   | Found a burning altar of Makhleb.
  4750 | D:9      | Found a staircase to the Lair.
  4792 | D:9      | Found Zin's Purification Station.
  4858 | D:9      | Reached XP level 10. HP: 86/86 MP: 9/9
  4871 | D:9      | Found a hide-covered altar of Uskayaw.
  5121 | D:9      | Found an ornate altar of the Wu Jian Council.
  5367 | D:10     | Entered Level 10 of the Dungeon
  5392 | D:10     | Found Ogekekk's Jewellery Shop.
  5398 | D:10     | Reached skill level 5 in Armour
  5413 | D:10     | Bought the ring of Vuebredi {rPois rF+ Str+4 Slay+3} for
                  | 935 gold pieces
  5420 | D:10     | Found a runed translucent gate.
  5421 | D:10     | Found a runed translucent gate.
  5422 | D:10     | Found a runed translucent gate.
  5425 | D:10     | Noticed gohu's ghost (journeyman HOFi)
  5428 | D:10     | Noticed a two-headed ogre
  5496 | D:10     | Found Erofekk's Jewellery Emporium.
  5559 | D:10     | Noticed a cyclops
  5571 | D:10     | Killed a cyclops
  5572 | D:10     | Reached skill level 5 in Ranged Weapons
  5572 | D:10     | Reached skill level 5 in Shields
  5617 | D:10     | Reached skill level 5 in Short Blades
  5654 | D:10     | Noticed an ogre mage
  5660 | D:10     | Killed an ogre mage
  5660 | D:10     | Reached ***** piety under Okawaru
  5726 | D:10     | Noticed a boulder beetle
  5742 | D:10     | Killed a boulder beetle
  5742 | D:10     | Received a gift from Okawaru
  5743 | D:10     | Reached skill level 8 in Fighting
  5826 | D:10     | Noticed a gargoyle
  5847 | D:10     | Reached XP level 11. HP: 86/95 MP: 7/10
  6033 | D:10     | Found Okep's Weapon Shoppe.
  6296 | D:10     | Noticed a seven-headed hydra
  6304 | D:10     | Identified the +0 hat "Xikiudid" {rElec SInv} (Okawaru
                  | gifted it to you on level 10 of the Dungeon)
  6304 | D:10     | Received a gift from Okawaru
  6449 | D:10     | Found Xosoan's Weapon Shop.
  6612 | D:10     | Killed a seven-headed hydra
  6747 | D:10     | Noticed a centaur warrior
  6748 | D:10     | Reached skill level 9 in Fighting
  6763 | D:10     | Killed a centaur warrior
  6795 | D:10     | Noticed an ogre mage
  6803 | D:10     | Killed an ogre mage
  6900 | D:10     | Got the Omnibus of Debased Magic
  6989 | D:10     | Found Ysan's Book Boutique.
  7347 | D:8      | Found a stormy altar of Qazlal.
  7525 | D:7      | Reached XP level 12. HP: 99/105 MP: 11/11
  7666 | D:7      | Noticed Grum
  8023 | D:6      | Noticed Sigmund
  8025 | D:6      | Killed Sigmund
  8061 | D:6      | Noticed Eustachio
  8081 | D:6      | Killed Eustachio
  8142 | D:5      | Killed x1te's ghost
  8340 | D:7      | Found a shimmering blue altar of Sif Muna.
  8403 | D:7      | Found a transporter.
  8403 | D:7      | Found a transporter.
  8406 | D:7      | Identified the +1 ring mail of Undesirable Species {+Blink
                  | rElec Str+5}
  8406 | D:7      | Identified the amulet of Finality {rElec Regen+ Int+3}
  8435 | D:7      | Noticed Ge0ff's ghost (novice OgNe)
  8591 | D:7      | Killed Ge0ff's ghost
  8628 | D:7      | Killed Grum
  8874 | D:8      | Received a gift from Okawaru
  8894 | D:8      | Found a basalt altar of Yredelemnul.
  8896 | D:8      | Noticed a profane servitor
  8908 | D:8      | Noticed an angel
  8968 | D:8      | Noticed a two-headed ogre
  8979 | D:8      | Killed a two-headed ogre
  9476 | D:9      | Slain by gohu's ghost

Illustrated notes

Levels and vault maps discovered:
D:1:      lemuel_arrival_rhombus, layout_loops_ring, bh_walls_and_bars
D:2:      layout_basic, hellmonk_ecumenical_altar_crossroads
D:3:      layout_rooms, mainiacjoe_overflow_surrounded_room
D:4:      layout_loops_ring, cheibriados_altar_1, jmf_multi_god_temple2
D:5:      layout_basic, kennysheep_little_box, mainiacjoe_overflow_paths,
          okawaru_metal_pillars_1_2, gammafunk_ghost_nasty_kobolds,
          nicolae_nh_ransacked_shop
D:6:      layout_basic, minmay_temple_entry_arrows, minmay_manual_macuahuitl,
          uniq_grinder, uniq_eustachio, uniq_sigmund
D:7:      layout_rooms, mainiacjoe_overflow_brackets,
          gammafunk_ghost_gnarly_gnolls
D:8:      nicolae_cairo_tiling, layout_loops_ring,
          nicolae_elyvilon_peaceful_grove, lemuel_tele_altar,
          grunt_temple_overflow_holy_war
D:9:      layout_stronghold, nicolae_uskayaw_suspiria,
          nicolae_wu_jian_glorious_leap, zin_purify, enter_bailey_2
D:10:     nzn_winding_woodlands_three_and_one
          [nzn_winding_woodlands_5x15_pathside_ponds,
          nzn_winding_woodlands_5x15_longhouse,
          nzn_winding_woodlands_5x15_sawtooth,
          nzn_winding_woodlands_center_triple_pond], layout_loops_corners,
          gammafunk_ghost_split, serial_shops, shop_statue,
          nicolae_take_the_stairs, nicolae_stop_n_shop_1,
          nicolae_shop_statue_plus, kennysheep_mini_moat, minmay_pinched_square
D:11:     layout_gridville, orc_0_dummy, gammafunk_ghost_necromancy,
          kennysheep_generic_room_7

Skill      XL: |  1  2  3  4  5  6  7  8  9 10 11 12 |
---------------+-------------------------------------+-----
Dodging        | 3 4 5 6 7 8 |  8.0
Stealth        | 3 |  3.0
Fighting       | 4 5 6 7 8 9 |  9.8
Ranged Weapons | 1 2 3 4 5 6 7 |  7.3
Armour         | 1 2 3 4 5 7 |  7.4
Shields        | 1 2 3 4 5 6 7 |  7.3
Short Blades   | 1 2 3 4 5 6 7 |  7.2
Unarmed Combat | |  3.9

Action                     |  1- 3 |  4- 6 |  7- 9 | 10-12 || total
---------------------------+-------+-------+-------+-------++-------
  Melee: Unarmed           |    89 |     2 |       |       ||    91
         Punch             |     1 |     1 |       |       ||     2
         Short sword       |       |    64 |   162 |   453 ||   679
   Fire: Sling             |     6 |    39 |   105 |   230 ||   380
 Invoke: Heroism           |       |       |       |     2 ||     2
         Finesse           |       |       |       |     1 ||     1
    Use: Scroll            |       |       |    19 |     5 ||    24
         Potion            |       |       |       |     2 ||     2
   Stab: Sleeping          |     7 |       |       |       ||     7
 Armour: Robe              |     8 |       |       |       ||     8
         Ring mail         |     1 |    24 |    20 |       ||    45
         Chain mail        |       |       |    33 |   204 ||   237
         Plate armour      |       |       |     8 |    20 ||    28
  Dodge: Dodged            |    44 |    34 |   124 |   320 ||   522
  Block: Buckler           |       |    11 |    35 |   111 ||   157
         Kite shield       |       |       |       |    40 ||    40

Table legend: (Time is in decaauts)
 A = Elapsed time spent in this place.
 B = Non-inter-level travel time spent in this place.
 C = Inter-level travel time spent in this place.
 D = Time resting spent in this place.
 E = Time spent auto-exploring this place.
 F = Levels seen in this place.
 G = Mean time per level.
                   A        B        C        D        E       F      G
               +--------+--------+--------+--------+--------+-----+--------+
         Total |   9447 |   8535 |    912 |     83 |   6311 |  12 |  787.2 |
       Dungeon |   9225 |   8313 |    912 |     83 |   6224 |  11 |  838.6 |
        Bailey |    222 |    222 |      0 |      0 |     87 |   1 |  222.0 |
               +--------+--------+--------+--------+--------+-----+--------+

Top non-repeatable levels by time:
    D:10: 1837 daAuts
     D:6: 979 daAuts
     D:4: 928 daAuts
     D:9: 900 daAuts
     D:2: 854 daAuts
     D:7: 845 daAuts
     D:8: 783 daAuts
     D:1: 772 daAuts
     D:5: 756 daAuts
     D:3: 564 daAuts
  Bailey: 222 daAuts
    D:11: 3 daAuts
